 Dungeon Crawl Stone Soup version 0.29.1-4-g47bece8355 (webtiles) character file.

Game seed: 9760142697978038531

924 ChadusMaximus the Summoner (level 8, -7/52 HPs)
             Began as a Human Summoner on Dec 8, 2022.
             Was a Follower of Sif Muna.
             Mangled by an orc wizard
             ... wielding the +12 long sword of the Heavens {vorpal, rC+++ rN++ Int-2 Stlth+}
              (9 damage)
             ... on level 5 of the Dungeon.
             The game lasted 00:09:19 (7344 turns).

ChadusMaximus the Summoner (Human Summoner)         Turns: 7344, Time: 00:09:21

Health: -7/52      AC:  5    Str:  4    XL:     8   Next: 32%
Magic:  14/15      EV: 11    Int: 18    God:    Sif Muna [*.....]
Gold:   395        SH:  0    Dex: 14    Spells: 11/17 levels left

rFire   . . .      SeeInvis .   E - +1 mace (protect)
rCold   . . .      Faith    .   (no shield)
rNeg    . . .      Spirit   .   o - +2 leather armour of Existentialism {rElec rCorr Str-4 Stlth+}
rPois   .          Reflect  .   (no helmet)
rElec   +          Harm     .   (no cloak)
rCorr   +          Rampage  .   (no gloves)
Will    .....                   (no boots)
Stlth   +++.......              (no amulet)
HPRegen 0.17/turn               (no ring)
MPRegen 0.14/turn               (no ring)

@: no status effects
A: no striking features
a: Renounce Religion, Channel Magic


You were on level 5 of the Dungeon.
You worshipped Sif Muna.
Sif Muna was aware of your devotion.
You visited 2 branches of the dungeon, and saw 7 of its levels.

You collected 395 gold pieces.

Inventory:

Hand Weapons
 e - a +0 rapier
 z - a +0 flail of protection
 E - a +1 mace of protection (weapon)
Armour
 a - a +0 robe
 g - a scarf of harm
 o - the +2 leather armour of Existentialism (worn) {rElec rCorr Str-4 Stlth+}
   (You found it on level 3 of the Dungeon)

   Str:       It affects your strength (-4).
   rElec:     It insulates you from electricity.
   rCorr:     It protects you from acid and corrosion.
   Stlth:     It makes you more stealthy.
 v - a +0 kite shield
Jewellery
 n - a ring of ice
 r - a ring of ice
 y - an amulet of regeneration
Scrolls
 c - 2 scrolls of brand weapon
 d - 2 scrolls of fear {unknown}
 f - a scroll of silence
 j - 3 scrolls of teleportation
 m - 2 scrolls of amnesia
 s - 3 scrolls of enchant armour {unknown}
 t - a scroll of immolation {unknown}
 u - a scroll of vulnerability {unknown}
 C - a scroll of magic mapping {unknown}
 D - a scroll of identify
Potions
 b - a potion of magic
 h - 2 potions of curing
 k - 2 potions of flight {unknown}
 l - a potion of haste {unknown}
 p - a potion of cancellation {unknown}
 q - a potion of attraction {unknown}
 w - a potion of brilliance {unknown}
 x - a potion of resistance {unknown}
 A - a potion of ambrosia {unknown}
 B - a potion of lignification {unknown}


   Skills:
 - Level 2.0 Dodging
 - Level 2.0 Stealth
 + Level 5.1 Spellcasting
 * Level 8.4 Summonings


You had 11 spell levels left.
You knew the following spells:

 Your Spells              Type           Power      Damage    Failure   Level
a - Summon Small Mammal   Summ           100%       N/A       1%          1
b - Call Canine Familiar  Summ           35%        N/A       2%          3
c - Call Imp              Summ           35%        N/A       1%          2

Your spell library contained the following spells:

 Spells                   Type           Power      Damage    Failure   Level
 Summon Guardian Golem    Hex/Summ       19%        N/A       12%         3
 Sandblast                Erth           8%         2d5       24%         1
 Passwall                 Tmut/Erth      3%         N/A       34%         2
 Summon Lightning Spire   Summ/Air       19%        N/A       38%         4
 Conjure Flame            Conj/Fire      4%         6-21      56%         3
 Ignite Poison            Fire/Tmut/Pois 4%         N/A       56%         3
 Portal Projectile        Hex/Tloc       8%         N/A       56%         3
 Stone Arrow              Conj/Erth      8%         3d7       56%         3
 Tukima's Dance           Hex            4%         N/A       56%         3
 Leda's Liquefaction      Hex/Erth       2%         N/A       93%         4
 Sticky Flame             Conj/Fire      4%         2d3       93%         4
 Alistair's Intoxication  Tmut/Pois      2%         N/A       100%        5
 Blade Hands              Tmut           2%         N/A       100%        5
 Borgnjor's Vile Clutch   Necr/Erth      2%         N/A       100%        5
 Eringya's Noxious Bog    Tmut/Pois      2%         N/A       100%        6


Dungeon Overview and Level Annotations

Branches:
Dungeon (6/15)             Temple (1/1) D:4

Altars:
Ashenzari
Cheibriados
Kikubaaqudgha
Okawaru
Qazlal
Sif Muna
Trog
Uskayaw
Vehumet
Wu Jian
Xom
Yredelemnul
The Shining One

Shops:
D:2 =


Message History

* * * LOW HITPOINT WARNING * * *
You hit the orc wizard.
The orc wizard is heavily wounded.
Your hound bites something.
Your hound barely misses something.
The orc wizard barely misses you. Something hits you.
* * * LOW HITPOINT WARNING * * *
x2 Unknown command.
You feel much better.
Your hound completely misses something.
Something hits you. The orc wizard misses you.
Your hound closely misses something.
Something hits you!
Your hound closely misses something.
A magic dart appears from out of thin air!
The magic dart hits you!
* * * LOW HITPOINT WARNING * * *
Your hound barely misses something. x2
You feel much better.
Your hound bites something.
The orc wizard misses you.
You hit the orc wizard.
Your weapon exudes an aura of protection.
The orc wizard is severely wounded.
Something hits you! The orc wizard hits you with a +0 mace.
Your hound barely misses something.
Something hits you.
* * * LOW HITPOINT WARNING * * *
x2 The orc wizard gestures wildly while chanting.
The orc wizard flickers and vanishes!
You closely miss something. Your punch misses something.
Your hound bites something but does no damage.
Your hound barely misses something.
Something hits you but does no damage. x2
Your hound bites something but does no damage.
You miss something.
Your hound closely misses something.
Something hits you.
* * * LOW HITPOINT WARNING * * *
x2 Something hits you.
* * * LOW HITPOINT WARNING * * *
Your hound bites something but does no damage.
You closely miss something.
You hear some strange, mumbled words.
A puff of flame appears from out of thin air!
The puff of flame hits you.
* * * LOW HITPOINT WARNING * * *
Something hits you!
You die...

#.## #....). #..##
#)..... ##..####
#...... #......#
#...... #......#
#......
#......#####......
#..>.........#####
#..h)..#######
#@{....# #......#
#......# ########


You could see a friendly hound (summoned).

Vanquished Creatures
  2 hounds
  An orc wizard (D:5)
  2 adders
  A white imp (D:5)
  2 worms (D:4)
  An orc (D:5)
  8 bats
  4 endoplasms
  A giant cockroach (D:1)
  7 goblins
  9 hobgoblins
  A jackal (D:1)
  A quokka (D:4)
  6 ball pythons
  3 frilled lizards
  7 kobolds
  9 rats
65 creatures vanquished.

Vanquished Creatures (collateral kills)
  A sky beast (D:6)
  A black bear (D:4)
  An ogre (D:5)
  A centaur (D:5)
  A kobold brigand (D:6)
  A scorpion (D:5)
  A hound (D:4)
  2 orc priests (D:3)
  An iguana (D:4)
  An orc wizard (D:3)
  7 gnolls
  An adder (D:5)
  A worm (D:3)
  2 dart slugs (D:4)
  12 orcs
  3 endoplasms
  3 goblins
  10 hobgoblins
  2 jackals (D:1)
  4 kobolds
  2 ball pythons (D:2)
  A frilled lizard (D:2)
59 creatures vanquished.

Vanquished Creatures (others)
  5 plants (D:4)
5 creatures vanquished.

Grand Total: 129 creatures vanquished

Notes
Turn   | Place    | Note
-------+----------+-------------------------------------------
     0 | D:1      | ChadusMaximus the Human Summoner began the quest for the
                  | Orb.
     0 | D:1      | Reached XP level 1. HP: 13/13 MP: 3/3
   403 | D:1      | Reached XP level 2. HP: 13/19 MP: 5/5
  1019 | D:1      | Reached XP level 3. HP: 23/24 MP: 6/6
  1587 | D:1      | Learned a level 3 spell: Call Canine Familiar
  1590 | D:1      | Learned a level 2 spell: Call Imp
  1906 | D:2      | Found a faded altar of an unknown god.
  1952 | D:2      | Reached skill level 5 in Summonings
  1952 | D:2      | Reached XP level 4. HP: 15/30 MP: 3/7
  2135 | D:2      | Found a basalt altar of Yredelemnul.
  2348 | D:2      | Found Roschoq's Jewellery Shoppe.
  2664 | D:2      | Reached XP level 5. HP: 15/35 MP: 3/9
  3670 | D:3      | Identified the +2 leather armour of Existentialism {rElec
                  | rCorr Str-4 Stlth+}
  3879 | D:3      | Found a broken altar of Ashenzari.
  3947 | D:3      | Reached skill level 6 in Summonings
  3947 | D:3      | Reached XP level 6. HP: 9/41 MP: 2/11
  4618 | D:4      | Noticed a black bear
  4629 | D:4      | Killed a black bear
  4934 | D:4      | Found a staircase to the Ecumenical Temple.
  5086 | Temple   | Entered the Ecumenical Temple
  5099 | Temple   | Became a worshipper of Sif Muna the Loreminder
  5163 | D:4      | Reached XP level 7. HP: 18/46 MP: 3/12
  5532 | D:4      | Found an ancient bone altar of Kikubaaqudgha.
  5739 | D:3      | Reached skill level 7 in Summonings
  6057 | D:5      | Entered Level 5 of the Dungeon
  6627 | D:5      | Reached XP level 8. HP: 48/52 MP: 9/15
  6925 | D:6      | Reached skill level 8 in Summonings
  6930 | D:6      | Reached skill level 5 in Spellcasting
  6994 | D:6      | Identified the +12 long sword of the Heavens {vorpal, rC+++
                  | rN++ Int-2 Stlth+}
  7022 | D:5      | Reached * piety under Sif Muna
  7344 | D:5      | HP: 2/52 [something/puff of flame (5)]
  7344 | D:5      | Mangled by an orc wizard

Illustrated notes

Levels and vault maps discovered:
D:1:      ebering_trefoil_twist, layout_loops_ring
D:2:      layout_basic, basic_altar, serial_shops, shop,
          dreamdust_ecumenical_altar_angels_and_demons, minmay_goblin_outpost
D:3:      layout_basic, evilmike_ruin_ashenzari, serial_glass, glass_columns_b,
          glass_columns_a
D:4:      layout_cave_pods, nicolae_overflow_crystal_walls,
          minmay_temple_entry_overgrown, dk_noncrumbling_4,
          nicolae_kite_square_tiling_tiny, minmay_circle_x
D:5:      layout_rooms, dk_noncrumbling_3, kennysheep_nondescript
D:6:      layout_gridville, grunt_decor_arrowhead
Temple:   nicolae_temple_bog_church

Skill      XL: |  1  2  3  4  5  6  7  8 |
---------------+-------------------------+-----
Summonings     | 5 6 7 8 |  8.4
Spellcasting   | 3 4 5 |  5.1
Dodging        | |  2.0
Stealth        | |  2.0

Action                   |  1- 3 |  4- 6 |  7- 9 || total
-------------------------+-------+-------+-------++-------
Melee: Rapier            |    98 |    96 |       ||   194
       Unarmed           |     6 |       |       ||     6
       Punch             |     1 |     2 |     1 ||     4
       Flail             |       |    14 |    43 ||    57
       Mace              |       |       |    11 ||    11
 Cast: Summon Small Mamm |    16 |    13 |     7 ||    36
       Call Canine Famil |     3 |    19 |    15 ||    37
       Call Imp          |     1 |     8 |    10 ||    19
  Use: Scroll            |       |       |     5 ||     5
       Potion            |       |       |     6 ||     6
 Stab: Sleeping          |     2 |     2 |     2 ||     6
       Distracted        |       |     1 |     2 ||     3
Armor: Robe              |    26 |    21 |       ||    47
       Leather armour    |       |    23 |    42 ||    65
Dodge: Dodged            |    99 |    91 |    59 ||   249
